 Dungeon Crawl Stone Soup version 0.19.1 (webtiles) character file.

25887 sveltemanboy the Impaler (level 13, -1/95 HPs)
             Began as a Merfolk Ice Elementalist on Dec 19, 2016.
             Was a Priest of Ashenzari.
             Slain by an 11-headed hydra (7 damage)
             ... on level 1 of the Lair of Beasts.
             The game lasted 01:02:01 (16906 turns).

sveltemanboy the Impaler (MfIE)                    Turns: 16906, Time: 01:02:02

Health: -1/95      AC: 15    Str:  8    XL:     13   Next: 22%
Magic:  1/16       EV: 19    Int: 19    God:    Ashenzari [***...]
Gold:   936        SH:  3    Dex: 15    Spells: 4 memorised, 3 levels left

rFire  . . .     SeeInvis +     S - +4 glaive (curse)
rCold  + . .     Gourm    .     r - +2 robe {MR+}
rNeg   . . .     Faith    .     (shield currently unavailable)
rPois  .         Spirit   .     e - +2 helmet (curse)
rElec  .         Reflect  +     C - +2 cloak (curse)
rCorr  .         Harm     .     I - +2 pair of gloves (curse)
MR     +....                    N - +0 pair of boots (curse)
Stlth  +++.......               H - amulet of Modatwoz {Reflect SH+3 Stlth+} (curse)
                                M - ring of protection from fire (curse)
                                o - ring of ice (curse)

@: no status effects
A: change form in water, swift swim, stealthy swim
a: Curse Item, Scrying, Renounce Religion


You were on level 1 of the Lair of Beasts.
You worshipped Ashenzari.
Ashenzari was most pleased with you.
You were very hungry.

You visited 3 branches of the dungeon, and saw 13 of its levels.
You also visited: Ossuary.

You collected 936 gold pieces.

Inventory:

Hand Weapons
 S - a cursed +4 glaive (weapon)
Armour
 e - a cursed +2 helmet (worn)
 r - a +2 robe of magic resistance (worn)
 C - a cursed +2 cloak (worn)
 I - a cursed +2 pair of gloves (worn)
 N - a cursed +0 pair of boots (worn)
Jewellery
 o - a cursed ring of ice (left hand)
 v - an uncursed ring of positive energy
 H - the cursed amulet of Modatwoz (around neck) {Reflect SH+3 Stlth+}
   (You found it on level 6 of the Dungeon)

   [amulet of reflection]

   It shields you and reflects attacks.
   It affects your SH (+3).
   It makes you more stealthy.
   It has a curse placed upon it.
 M - a cursed ring of protection from fire (right hand)
Wands
 f - a wand of enslavement (16/24)
 x - a wand of confusion (24/48)
 D - a wand of disintegration (4/24)
 E - a wand of disintegration (12/24)
 G - a wand of polymorph (11/24)
 Q - a wand of flame (16/48)
Scrolls
 d - a scroll of fog
 i - 3 scrolls of identify
 j - a scroll of teleportation
 k - 3 scrolls of amnesia
 l - a scroll of remove curse
 q - 3 scrolls of magic mapping
 s - 3 scrolls of fear
 y - a scroll of blinking
Potions
 a - 4 potions of flight
 g - 2 potions of agility
 m - 4 potions of magic
 n - 2 potions of invisibility
 p - 6 potions of mutation
 u - 3 potions of heal wounds
 w - 8 potions of curing
 z - a potion of cancellation
 F - 4 potions of lignification
 J - a potion of berserk rage
 L - a potion of might
 O - a potion of resistance
Books
 A - a book of Enchantments

   Spells                             Type                      Level
   a - Cause Fear                     Hexes                        4
   b - Yara's Violent Unravelling     Hexes/Transmutation          5
   c - Silence                        Hexes/Air                    5
   d - Deflect Missiles               Charms/Air                   6
   e - Discord                        Hexes                        8
Comestibles
 b - 2 royal jellies
 c - 5 bread rations
 h - 9 slices of pizza
 t - 7 meat rations
 B - 4 chunks of flesh
 P - 10 fruits


   Skills:
 + Level 6.6 Fighting
 * Level 16.5(19.7) Polearms
 - Level 5.0 Armour
 - Level 8.0(9.9) Dodging
 - Level 2.1(3.6) Stealth
 - Level 2.0 Spellcasting
 - Level 2.0(4.2) Conjurations
 - Level 2.0(4.2) Charms
 - Level 3.1(5.6) Summonings
 + Level 13.3(15.8) Ice Magic
 - Level 2.0(4.2) Evocations


You had 3 spell levels left.
You knew the following spells:

 Your Spells              Type           Power        Failure   Level  Hunger
a - Throw Icicle          Conj/Ice       ######..     2%          4    #####..
b - Throw Frost           Conj/Ice       ######       1%          2    ###....
c - Ozocubu's Armour      Chrm/Ice       ######..     1%          3    ###....
d - Summon Ice Beast      Ice/Summ       ######..     1%          4    #####..


Dungeon Overview and Level Annotations

Branches:
Dungeon (11/15)            Temple (1/1) D:6            Lair (1/6) D:8
    Orc (0/2) D:11

Altars:
Ashenzari
Cheibriados
Dithmenos
Elyvilon
Hepliaklqana
Kikubaaqudgha
Nemelex Xobeh
Okawaru
Qazlal
Ru
Sif Muna
Trog
Vehumet
Xom
Yredelemnul
Zin
The Shining One


Message History

The ten-headed hydra bites you.
* * * LOW HITPOINT WARNING * * *
The ten-headed hydra bites you!
* * * LOW HITPOINT WARNING * * *
The ten-headed hydra bites you!
* * * LOW HITPOINT WARNING * * *
You barely miss the ten-headed hydra.
The ten-headed hydra is severely wounded.
Unknown command.
You hack one of the ten-headed hydra's heads off!
The nine-headed hydra grows two more!
You slice the 11-headed hydra!!
The 11-headed hydra is almost dead.
The 11-headed hydra completely misses you.
The 11-headed hydra bites you.
* * * LOW HITPOINT WARNING * * *
The 11-headed hydra bites you but does no damage. x2
The 11-headed hydra misses you.
The 11-headed hydra completely misses you.
The 11-headed hydra bites you!
You die...

, , . ... ,..##.##....##.. ..
, .. ,.........###... ,,
,,... .. *#......##..... * ,,
....##. ,#..#.###.#..... , ,,
, ..... ................ , ,*
..###PP##P.P#.###..#.###
,,........................
#..##########........#.##..#.
...........D@................
#.###P.......................
............................
..#.#...###.#..###.P#.##.P..#
,............................
.......................#.###.
,
......$......................
*
*##P..#########.#.###.##..##.
* #### ##### #########


You could see a 11-headed hydra.

Vanquished Creatures
  A hydra (D:10)
  Urug (D:10)
  An unseen horror (D:10)
  A hill giant (D:11)
  A centaur zombie (D:10)
  A centaur skeleton (D:11)
  A komodo dragon (Lair:1)
  A troll (D:9)
  The ghost of dscm the Ducker, an amateur OpFi (D:4)
  2 hippogriffs
  2 dream sheep (D:10)
  A wyvern (D:11)
  A basilisk (D:10)
  A wraith (D:11)
  2 yaks
  A hungry ghost (D:9)
  A steam dragon (D:8)
  The ghost of Mefis the Magician, an amateur DEWz (D:3)
  2 sky beasts
  4 orc warriors
  3 ice beasts
  3 phantoms
  2 black bears
  A hornet zombie (D:9)
  3 wolves (Lair:1)
  A crocodile (Lair:1)
  7 centaurs
  2 big kobolds (D:10)
  7 bullfrogs
  A gnoll sergeant (D:4)
  4 water moccasin zombies (Ossuary)
  4 scorpions
  10 killer bees
  2 wights (D:11)
  5 crimson imps
  A bullfrog zombie (D:6)
  A quasit (D:11)
  3 jellies
  2 orc priests
  7 hounds
  2 bullfrog skeletons
  10 orc wizards
  Jessica (D:2)
  3 iguanas
  7 worker ants
  A killer bee zombie (D:7)
  2 big kobold zombies (Ossuary)
  A hound skeleton (D:4)
  2 mummies (Ossuary)
  A worker ant zombie (D:11)
  38 gnolls
  A howler monkey skeleton (D:11)
  13 adders
  3 river rats (D:8)
  3 shadow imps
  7 adder zombies (Ossuary)
  2 worms
  2 dart slugs (D:3)
  12 leopard geckos
  51 orcs
  A bat zombie (D:7)
  9 giant cockroaches
  6 goblins
  6 hobgoblins
  29 jackals
  13 kobolds
  4 quokkas
  5 ball pythons
  17 bats
  8 frilled lizards
  A gnoll zombie (Ossuary)
  5 hobgoblin zombies (Ossuary)
  5 kobold zombies (Ossuary)
  6 orc zombies (Ossuary)
  14 rats
  A rat zombie (D:7)
  A spectral orc (D:3)
389 creatures vanquished.

Vanquished Creatures (collateral kills)
  A hydra (D:11)
  The ghost of Mungo the Blocker, a novice HOFi (D:10)
  3 hill giants
  An ugly thing (D:11)
  A centaur skeleton (D:10)
  A troll (D:10)
  A two-headed ogre (D:8)
  Prince Ribbit (D:7)
  2 hippogriffs (D:11)
  A wyvern (D:11)
  4 yaks
  A hungry ghost (D:7)
  Duvessa (D:7)
  2 orc warriors
  A sky beast (D:11)
  An ice beast (D:6)
  A black bear (D:10)
  A necrophage (D:8)
  An ogre (D:9)
  A centaur (D:7)
  2 big kobolds (D:10)
  Dowan (D:7)
  A wyvern skeleton (D:10)
  2 scorpions
  13 killer bees
  2 wights (D:11)
  A howler monkey (D:9)
  A crimson imp (D:6)
  An orc priest (D:11)
  2 iguanas
  5 orc wizards
  5 worker ants
  An adder (D:7)
  10 orcs
  A bat (D:8)
  A quokka (D:10)
  2 kobolds (D:10)
78 creatures vanquished.

Vanquished Creatures (others)
  A centaur skeleton (D:5)
  6 fungi (D:8)
  4 plants
  4 toadstools (D:1)
15 creatures vanquished.

Grand Total: 482 creatures vanquished

Notes
Turn   | Place    | Note
-------+----------+-------------------------------------------
     0 | D:1      | sveltemanboy the Merfolk Ice Elementalist began the quest for the Orb.
     0 | D:1      | Reached XP level 1. HP: 13/13 MP: 3/3
   388 | D:1      | Reached XP level 2. HP: 3/19 MP: 0/5
   951 | D:1      | Reached XP level 3. HP: 24/24 MP: 6/6
  1264 | D:2      | Learned a level 2 spell: Throw Frost
  1268 | D:2      | Learned a level 3 spell: Ozocubu's Armour
  1403 | D:2      | Reached skill level 5 in Ice Magic
  1464 | D:2      | Found a stormy altar of Qazlal.
  1467 | D:2      | Found an iron altar of Okawaru.
  1467 | D:2      | Found a deep blue altar of Sif Muna.
  1590 | D:2      | Reached XP level 4. HP: 28/30 MP: 7/7
  1889 | D:2      | Noticed Jessica
  1899 | D:2      | Killed Jessica
  2272 | D:2      | Reached XP level 5. HP: 21/35 MP: 3/8
  2780 | D:3      | Reached skill level 1 in Conjurations
  2782 | D:3      | Noticed Mefis's ghost (amateur DEWz)
  2869 | D:3      | Killed Mefis's ghost
  2869 | D:3      | Reached XP level 6. HP: 40/41 MP: 1/9
  3183 | D:3      | Found a basalt altar of Yredelemnul.
  3332 | D:4      | Noticed dscm's ghost (amateur OpFi)
  3351 | D:4      | Killed dscm's ghost
  3351 | D:4      | Reached XP level 7. HP: 30/51 MP: 1/10
  3387 | D:4      | Found a sand-covered staircase.
  3392 | Ossuary  | Entered an ossuary
  3992 | Ossuary  | Reached XP level 8. HP: 44/58 MP: 11/11
  4760 | D:4      | Found a hazy altar of Hepliaklqana.
  4864 | D:4      | Found a radiant altar of Vehumet.
  4898 | D:4      | Got a pitted whip
  4899 | D:4      | Identified the +3 whip of Uskayaw's Approval {holy, *Drain Int+4} (You found it on level 4 of the Dungeon)
  5015 | D:4      | Reached skill level 1 in Armour
  5498 | D:4      | Reached skill level 1 in Polearms
  5680 | D:4      | Reached skill level 2 in Polearms
  5742 | D:4      | Reached skill level 10 in Ice Magic
  6084 | D:4      | Reached skill level 3 in Polearms
  6340 | D:4      | Learned a level 4 spell: Summon Ice Beast
  6398 | D:5      | Entered Level 5 of the Dungeon
  6405 | D:5      | Found a white marble altar of Elyvilon.
  6420 | D:5      | Reached skill level 4 in Polearms
  6515 | D:5      | Reached skill level 1 in Summonings
  6576 | D:5      | Found a bloodstained altar of Trog.
  6726 | D:5      | Reached XP level 9. HP: 57/64 MP: 10/12
  6772 | D:5      | Reached skill level 5 in Polearms
  7552 | D:6      | Reached skill level 6 in Polearms
  7620 | D:6      | Identified a scroll of acquirement
  7725 | D:6      | Found a sacrificial altar of Ru.
  7778 | D:6      | Found a glowing golden altar of the Shining One.
  7953 | D:6      | Found a staircase to the Ecumenical Temple.
  7970 | Temple   | Entered the Ecumenical Temple
  7992 | Temple   | Became a worshipper of Ashenzari the Shackled
  8011 | D:6      | Identified the amulet of Modatwoz {Reflect SH+3 Stlth+}
  8259 | D:6      | Identified the +9 hand crossbow "Ytaon" {velocity, rElec rC+ Str+2 Int-2} (You found it on level 6 of the Dungeon)
  8300 | D:6      | Reached skill level 7 in Polearms
  8334 | D:7      | Noticed Prince Ribbit
  8349 | D:7      | Killed Prince Ribbit
  8383 | D:7      | Noticed Dowan
  8385 | D:7      | Noticed Duvessa
  8400 | D:7      | Killed Duvessa
  8429 | D:7      | Killed Dowan
  8655 | D:7      | Reached skill level 5 in Dodging
  8708 | D:7      | Reached skill level 8 in Polearms
  8733 | D:7      | Reached XP level 10. HP: 46/70 MP: 6/13
  9180 | D:7      | Found an ancient bone altar of Kikubaaqudgha.
  9471 | D:8      | Reached * piety under Ashenzari
  9737 | D:8      | Found a shadowy altar of Dithmenos.
  9859 | D:8      | Reached skill level 9 in Polearms
  9898 | D:8      | Reached skill level 1 in Evocations
 10254 | D:8      | Found a staircase to the Lair.
 10901 | D:8      | Learned a level 4 spell: Throw Icicle
 10960 | D:8      | Reached skill level 10 in Polearms
 11640 | D:9      | Found a glowing silver altar of Zin.
 12524 | D:9      | Reached ** piety under Ashenzari
 12813 | D:9      | Reached skill level 11 in Polearms
 12836 | D:10     | Entered Level 10 of the Dungeon
 12938 | D:10     | Noticed Mungo's ghost (novice HOFi)
 12963 | D:10     | Noticed Urug
 13017 | D:10     | Killed Mungo's ghost
 13017 | D:10     | Reached XP level 11. HP: 58/77 MP: 1/14
 13308 | D:10     | Noticed a hill giant
 13336 | D:10     | Killed a hill giant
 13919 | D:10     | Killed Urug
 14044 | D:10     | Noticed a hill giant
 14102 | D:10     | Killed a hill giant
 14210 | D:10     | Noticed a three-headed hydra
 14221 | D:10     | Killed a three-headed hydra
 14221 | D:10     | Reached skill level 12 in Polearms
 14364 | D:10     | Killed an unseen horror
 14886 | D:11     | Noticed a hill giant
 14902 | D:11     | Killed a hill giant
 14902 | D:11     | Reached skill level 5 in Fighting
 15195 | D:11     | Noticed a cyan ugly thing
 15196 | D:11     | Noticed a hill giant
 15235 | D:11     | Killed a cyan ugly thing
 15601 | D:11     | Killed a hill giant
 15616 | D:11     | Reached skill level 5 in Armour
 15919 | D:11     | Reached XP level 12. HP: 87/87 MP: 11/15
 16271 | D:11     | Found a staircase to the Orcish Mines.
 16317 | D:11     | Reached *** piety under Ashenzari
 16436 | D:11     | Noticed a four-headed hydra
 16443 | D:11     | Killed a four-headed hydra
 16639 | Lair:1   | Entered Level 1 of the Lair of Beasts
 16737 | Lair:1   | Reached skill level 16 in Polearms
 16737 | Lair:1   | Reached XP level 13. HP: 94/94 MP: 16/16
 16906 | Lair:1   | Slain by an 11-headed hydra

Skill      XL: |  1  2  3  4  5  6  7  8  9 10 11 12 |
---------------+-------------------------------------+-----
Ice Magic      | 4 5 6 7 9 10 11 12 13 | 13.3
Conjurations   | 1 2 |  2.0
Charms         | 2 |  2.0
Fighting       | 2 3 4 5 6 |  6.6
Armour         | 2 5 |  5.0
Polearms       | 4 8 11 12 16 | 16.5
Summonings     | 1 3 |  3.1
Dodging        | 5 8 |  8.0
Evocations     | 2 |  2.0
Stealth        | |  2.1
Spellcasting   | |  2.0

Action                   |  1- 3 |  4- 6 |  7- 9 | 10-12 | 13-15 || total
-------------------------+-------+-------+-------+-------+-------++-------
Melee: Whip              |    67 |    64 |   404 |       |       ||   535
       Trident           |       |       |   296 |   742 |       ||  1038
       Spear             |       |       |    23 |       |       ||    23
       Tailslap          |       |       |    16 |       |       ||    16
       Glaive            |       |       |       |   103 |    26 ||   129
Throw: Throwing net      |       |       |     1 |       |       ||     1
 Cast: Freeze            |    16 |    19 |    25 |       |       ||    60
       Throw Frost       |     3 |    29 |    51 |    38 |     1 ||   122
       Ozocubu's Armour  |       |     2 |    20 |    26 |     1 ||    49
       Summon Ice Beast  |       |       |    10 |    63 |     4 ||    77
       Throw Icicle      |       |       |       |     7 |     2 ||     9
Invok: Curse Item        |       |       |     3 |     5 |       ||     8
Evoke: Wand              |       |       |       |     4 |       ||     4
  Use: Scroll            |       |       |    18 |    18 |       ||    36
       Potion            |       |       |     1 |     1 |       ||     2
 Stab: Sleeping          |     4 |     2 |     3 |    15 |       ||    24
       Distracted        |       |       |     3 |     5 |       ||     8
       Confused          |       |       |       |     3 |       ||     3
  Eat: Chunk             |     3 |     7 |    23 |    45 |     1 ||    79
       Fruit             |       |       |     5 |     2 |       ||     7
       Beef jerky        |       |       |     1 |     2 |       ||     3
Armor: Robe              |    17 |    32 |   211 |   162 |    11 ||   433
Dodge: Dodged            |    44 |    82 |   462 |   412 |    29 ||  1029
Block: Other             |       |       |    12 |    57 |     1 ||    70
       Reflection        |       |       |     1 |     1 |       ||     2
